 Dungeon Crawl Stone Soup version 0.26.0-16-gc1dbca0489 (webtiles) character file.

Game seed: 11141348633731290361

137 olmar the Shield-Bearer (level 5, -21/33 HPs)
             Began as a Gargoyle Fighter on Jan 21, 2021.
             Blown up by a kobold (33 damage)
             ... with a disintegration bolt
             ... on level 3 of the Dungeon on Jan 22, 2021.
             The game lasted 00:02:42 (1835 turns).

olmar the Shield-Bearer (Gargoyle Fighter)          Turns: 1835, Time: 00:02:43

Health: -21/33     AC: 13    Str: 21    XL:     5   Next: 20%
Magic:  5/5        EV:  7    Int:  8    God:
Gold:   99         SH:  9    Dex:  9    Spells: 4/4 levels left

rFire    . . .     SeeInvis .   a - +0 flail
rCold    + . .     Faith    .   c - +0 kite shield
rNeg     + . .     Spirit   .   d - +2 scale mail {rC+}
rPois    ∞         Reflect  .   (no helmet)
rElec    +         Harm     .   (no cloak)
rCorr    .         Rampage  .   (no gloves)
Will     .....                  (no boots)
Stlth    ..........             (no amulet)
HPRegen  0.11/turn              (no ring)
MPRegen  0.09/turn              (no ring)

@: hasted, very quick
A: negative energy resistance 1, electricity resistance, unbreathing,
petrification resistance, miasma immunity, AC +4
a: no special abilities


You were on level 3 of the Dungeon.
You visited 1 branch of the dungeon, and saw 3 of its levels.

You collected 99 gold pieces.

Inventory:

Hand Weapons
 a - a +0 flail (weapon)
Armour
 b - a +0 scale mail
 c - a +0 kite shield (worn)
 d - a +2 scale mail of cold resistance (worn)
Scrolls
 e - a scroll of amnesia {unknown}
 g - 8 scrolls of identify {unknown}
 h - a scroll of fog {unknown}
 i - a scroll of remove curse {unknown}
 l - a scroll of noise {unknown}
 o - a scroll of fear {unknown}
Potions
 f - a potion of heal wounds {unknown}
 k - 2 potions of curing
 m - a potion of degeneration {unknown}
 n - a potion of brilliance {unknown}


   Skills:
 + Level 4.0 Fighting
 + Level 3.2 Maces & Flails
 + Level 4.0 Armour
 + Level 0.2 Dodging
 + Level 4.4 Shields


You had 4 spell levels left.
You didn't know any spells.
Your spell library was empty.

Dungeon Overview and Level Annotations

Branches:
Dungeon (3/15)

Altars:
Dithmenos
Gozag
Makhleb

Annotations:
D:3 3 runed translucent doors, Ijyb; shakesphere1979's ghost, amateur NaAE


Innate Abilities, Weirdness & Mutations

You are resistant to torment.
Your stone body is resilient. (AC +4)
You are immune to poison.
You resist negative energy. (rN+)
You are resistant to electric shocks. (rElec)
You can survive without breathing.
You are immune to petrification.
You are immune to miasma.


Message History

Your shield and scale mail prevent you from hitting Ijyb.
Ijyb is moderately wounded.
You block the rat's attack. The kobold hits you but does no damage.
Ijyb hits you.
The kobold zaps a wand.
You are blasted!
* * * LOW HITPOINT WARNING * * *
The dart slug launches a dart at you. The slug dart hits you.
* * * LOW HITPOINT WARNING * * *
The rat closely misses you. You block the kobold's attack.
Unknown command.
It was a potion of haste.
You feel yourself speed up. You block Ijyb's attack.
The kobold zaps a wand.
You barely resist. You block the rat's attack. The kobold barely misses you.
Unknown command.
It was a potion of curing.
You feel better.
Ijyb screams, "Level is mine!
All mine!"
Ijyb hits you but does no damage. The dart slug bites you.
The kobold zaps a wand.
You are blasted!
Ouch! That really hurt!
You die...

........###.###..#
........# #.###..#
........# #..##..#
......#.# ##.##..#
.####.#.# #..#(.#
#.#.# ##.#..#
#.#.# #.(..#
#####.K.#
...!...K@#
###....rwgl...#
#.....lo....#
#...........#
#...........#
#...........#
#..!........#
#...........#


You could see Ijyb, a dart slug, an orc, 2 kobolds, 2 frilled lizards and a rat.

Vanquished Creatures
  A crimson imp (D:3)
  Terence (D:1)
  A gnoll (D:1)
  An adder (D:2)
  An ooze (D:1)
  5 worms
  A dart slug (D:1)
  A leopard gecko (D:2)
  An orc (D:3)
  8 bats
  4 goblins
  6 hobgoblins
  A quokka (D:2)
  7 frilled lizards
  2 kobolds
  4 rats
45 creatures vanquished.

Vanquished Creatures (others)
  A bat (D:3)
1 creature vanquished.

Grand Total: 46 creatures vanquished

Notes
Turn   | Place    | Note
-------+----------+-------------------------------------------
     0 | D:1      | olmar the Gargoyle Fighter began the quest for the Orb.
     0 | D:1      | Reached XP level 1. HP: 14/14 MP: 1/1
    10 | D:1      | Noticed a minotaur zombie
    16 | D:1      | Noticed a minotaur zombie
    55 | D:1      | Reached XP level 2. HP: 19/19 MP: 2/2
   362 | D:1      | Reached XP level 3. HP: 24/24 MP: 3/3
   788 | D:2      | Noticed Terence
   814 | D:1      | Killed Terence
  1042 | D:2      | Reached XP level 4. HP: 29/29 MP: 4/4
  1108 | D:2      | Found a shadowy altar of Dithmenos.
  1643 | D:3      | Found a runed translucent gate.
  1644 | D:3      | Found a runed translucent gate.
  1660 | D:3      | Found an opulent altar of Gozag.
  1662 | D:3      | Found a runed translucent gate.
  1666 | D:3      | Noticed shakesphere1979's ghost (amateur NaAE)
  1762 | D:3      | Found a burning altar of Makhleb.
  1778 | D:3      | Reached XP level 5. HP: 33/33 MP: 5/5
  1818 | D:3      | Noticed Ijyb
  1835 | D:3      | Blown up by a kobold

Illustrated notes

Levels and vault maps discovered:
D:1:      shiori_arrival_whats_in_store_for_you, layout_loops_ring,
          serial_bayou_pond_a
D:2:      layout_rooms, overflow_temple_1_default,
          nicolae_overflow_hidden_temple, uniq_terence
D:3:      layout_basic, makhleb_grotto_becter, ebering_ghost_gozag,
          ashenzari_altar_1, uniq_ijyb

Skill      XL: |  1  2  3  4  5 |
---------------+----------------+-----
Shields        | 4 |  4.4
Maces & Flails | 3 |  3.2
Armour         | 4 |  4.0
Fighting       | 4 |  4.0
Dodging        | |  0.2

Action                   |  1- 3 |  4- 6 || total
-------------------------+-------+-------++-------
Melee: Flail             |    75 |   130 ||   205
  Use: Potion            |     1 |     2 ||     3
Armor: Scale mail        |    36 |    83 ||   119
Dodge: Dodged            |    17 |    32 ||    49
Block: Kite shield       |    36 |    74 ||   110
